 Dungeon Crawl Stone Soup version 0.28-a0-906-g0406aca7d3 (webtiles) character file.

Game seed: 6037194106604750280

109 pokeman the Magician (level 4, -1/24 (25) HPs)
             Began as a Deep Elf Hedge Wizard on Nov 23, 2021.
             Slain by Crazy Yiuf (14 damage)
             ... on level 2 of the Dungeon on Nov 24, 2021.
             The game lasted 00:04:30 (2295 turns).

pokeman the Magician (Deep Elf Hedge Wizard)        Turns: 2295, Time: 00:04:30

HP:   -1/24 (25)    AC:  2    Str:  7    XL:     4   Next: 60%
MP:   7/13          EV: 12    Int: 20    God:
Gold: 42            SH:  0    Dex: 14    Spells: 3/14 levels left

rFire   . . .      SeeInvis .   d - +0 spear
rCold   . . .      Faith    .   (no shield)
rNeg    . . .      Spirit   .   b - +0 robe
rPois   .          Reflect  .   c - +0 hat
rElec   .          Harm     .   (no cloak)
rCorr   .          Rampage  .   (no gloves)
Will    .....                   (no boots)
Stlth   ++........              (no amulet)
HPRegen 0.08/turn               (no ring)
MPRegen 0.13/turn               (no ring)

@: very slightly contaminated, lightly drained
A: no striking features
a: no special abilities


You were on level 2 of the Dungeon.
You visited 1 branch of the dungeon, and saw 2 of its levels.

You collected 42 gold pieces.

Inventory:

Hand Weapons
 d - a +0 spear (weapon)
Missiles
 h - a throwing net
Armour
 b - a +0 robe (worn)
 c - a +0 hat (worn)
Scrolls
 a - 2 scrolls of identify {unknown}
 e - a scroll of magic mapping {unknown}
 g - a scroll of amnesia {unknown}
 i - a scroll of blinking {unknown}
 j - a scroll of holy word {unknown}
 k - a scroll of summoning {unknown}
 l - a scroll of immolation {unknown}
 m - a scroll of teleportation {unknown}
 n - 2 scrolls of fear {unknown}
Potions
 f - a potion of attraction {unknown}


   Skills:
 - Level 1.0 Fighting
 - Level 1.0 Armour
 + Level 2.8 Dodging
 - Level 2.4 Stealth
 * Level 5.8 Spellcasting
 + Level 2.3 Conjurations
 - Level 1.1 Summonings
 - Level 1.1 Translocations
 + Level 0.8 Fire Magic


You had 3 spell levels left.
You knew the following spells:

 Your Spells              Type           Power      Damage    Failure   Level
a - Magic Dart            Conj           60%        1d6       4%          1
b - Mephitic Cloud        Conj/Pois/Air  8%         N/A       24%         3
c - Call Imp              Summ           10%        N/A       11%         2
d - Blink                 Tloc           20%        N/A       11%         2
e - Conjure Flame         Conj/Fire      12%        6-21      17%         3

Your spell library contained the following spells:

 Spells                   Type           Power      Damage    Failure   Level
 Slow                     Hex            20%        N/A       11%         1


Dungeon Overview and Level Annotations

Branches:
Dungeon (2/15)

Altars:

Annotations:
D:2 Crazy Yiuf


Message History

The fire ignites!
You swap places.
Things that are here:
a +0 flail; a +0 scale mail; the human corpse of Terence Your shadow imp disappears in a puff of smoke!
Found a mace.
Found a runed translucent door.
Crazy Yiuf shouts!
As you open the door, it creaks loudly!
Casting: Conjure Flame (extremely dangerous; 17% risk of failure)
Confirm with . or Enter, or press ? or * to list all spells.
You miscast Call Imp.
You are very lightly contaminated with residual magic.
Nothing appears to happen.
Crazy Yiuf hits you with a +4 quarterstaff of chaos.
You resist with some effort.
Casting: Call Imp (safe; 11% risk of failure)
Confirm with . or Enter, or press ? or * to list all spells.
A beastly little devil appears in a puff of flame.
Your crimson imp says, "Let's cause disruption!"
Crazy Yiuf hits you with a +4 quarterstaff of chaos.
You feel drained.
Unknown command.
Your magical contamination has completely faded away.
Casting: Call Imp (safe; 11% risk of failure)
Confirm with . or Enter, or press ? or * to list all spells.
The spell is extremely dangerous to cast (24% risk of failure)!
Continue anyway?
Okay, then.
Casting: Mephitic Cloud (extremely dangerous; 24% risk of failure)
Confirm with . or Enter, or press ? or * to list all spells.
The spell is extremely dangerous to cast (24% risk of failure)!
Continue anyway?
Aiming: Mephitic Cloud (extremely dangerous; 24% risk of failure)
Press: ? - help, Shift-Dir - straight line, f - Crazy Yiuf
Aim: Crazy Yiuf, wielding a +4 quarterstaff of chaos and wearing a +0 cloak (chance to affect: 86%) That beam is likely to hit you.
Continue anyway?
You miscast Mephitic Cloud.
You are very lightly contaminated with residual magic.
Nothing appears to happen.
Crazy Yiuf hits you with a +4 quarterstaff of chaos!
Ouch! That really hurt!
You die...

#.......##.......#
#
##.####.##.......#
# #.##
#.##.......# #
#..###.##.......#
#
#...##.##.......#
#
#....#######.####
# #....# #.# #
#### #....#
#####.# # #..#
##.@.# #.....#
#.## ##g##
#<######## #
######.## ##5#
#........####
###.......# #.##
#..>..##.....
....####.## ##.#
#####.#######
##..# #.## #5##
#...# # ##..# #..#
#'# #...# # ....#
#### ... #...# #
##.## #...# #...#
#


You could see Crazy Yiuf (ally target) and a friendly crimson imp (summoned).

Vanquished Creatures
  Natasha (D:2)
  3 adders (D:2)
  3 dart slugs (D:1)
  5 bats
  An endoplasm (D:1)
  A giant cockroach (D:1)
  5 hobgoblins (D:1)
  A quokka (D:2)
  4 ball pythons
  3 frilled lizards (D:1)
  3 rats (D:1)
30 creatures vanquished.

Vanquished Creatures (collateral kills)
  Terence (D:2)
1 creature vanquished.

Grand Total: 31 creatures vanquished

Notes
Turn   | Place    | Note
-------+----------+-------------------------------------------
     0 | D:1      | pokeman the Deep Elf Hedge Wizard began the quest for the
                  | Orb.
     0 | D:1      | Reached XP level 1. HP: 10/10 MP: 7/7
   366 | D:1      | Reached XP level 2. HP: 16/16 MP: 4/9
   947 | D:1      | Found a faded altar of an unknown god.
  1197 | D:1      | Reached skill level 5 in Spellcasting
  1682 | D:2      | Reached XP level 3. HP: 20/20 MP: 8/11
  1686 | D:2      | Learned a level 3 spell: Mephitic Cloud
  1689 | D:2      | Learned a level 2 spell: Call Imp
  1692 | D:2      | Learned a level 2 spell: Blink
  1696 | D:2      | Learned a level 3 spell: Conjure Flame
  1907 | D:2      | Reached skill level 1 in Fighting
  2000 | D:2      | Reached skill level 1 in Armour
  2149 | D:2      | Noticed Natasha
  2160 | D:2      | Noticed Terence
  2162 | D:2      | Killed Natasha
  2163 | D:2      | Reached XP level 4. HP: 17/25 MP: 9/13
  2167 | D:2      | Killed Terence
  2283 | D:2      | Found a runed translucent door.
  2284 | D:2      | Noticed Crazy Yiuf
  2295 | D:2      | Slain by Crazy Yiuf

Illustrated notes

Levels and vault maps discovered:
D:1:      doesnt_arrival_eight_statues, layout_loops_corners,
          shapermc_ecumenical_altar_ellora, columned_hall_lemuel,
          kennysheep_flooded_box, minmay_misc_feat_plants,
          hangedman_decor_peaks_small, minmay_distorted
D:2:      cheibrodos_helix_gallery, layout_loops_cross, uniq_natasha,
          uniq_terence, uniq_crazy_yiuf_cottage

Skill      XL: |  1  2  3 |
---------------+----------+-----
Spellcasting   | 5 |  5.8
Fighting       | 1 |  1.0
Armour         | 1 |  1.0
Conjurations   | 2 |  2.3
Dodging        | |  2.8
Stealth        | |  2.4
Summonings     | |  1.1
Translocations | |  1.1
Fire Magic     | |  0.8

Action                   |  1- 3 |  4- 6 || total
-------------------------+-------+-------++-------
Melee: Dagger            |     1 |       ||     1
       Spear             |    10 |     1 ||    11
 Cast: Magic Dart        |    93 |       ||    93
       Mephitic Cloud    |     1 |       ||     1
       Call Imp          |       |     2 ||     2
       Conjure Flame     |       |     1 ||     1
Armor: Robe              |     1 |       ||     1
Dodge: Dodged            |    12 |     1 ||    13

Table legend: (Time is in decaauts)
 A = Elapsed time spent in this place.
 B = Non-inter-level travel time spent in this place.
 C = Inter-level travel time spent in this place.
 D = Time resting spent in this place.
 E = Time spent auto-exploring this place.
 F = Levels seen in this place.
 G = Mean time per level.
                   A        B        C        D        E       F      G
               +--------+--------+--------+--------+--------+-----+--------+
         Total |   2296 |   2198 |     98 |     23 |   1957 |   2 | 1148.0 |
       Dungeon |   2296 |   2198 |     98 |     23 |   1957 |   2 | 1148.0 |
               +--------+--------+--------+--------+--------+-----+--------+

Top non-repeatable levels by time:
     D:1: 1719 daAuts
     D:2: 577 daAuts
